 Dungeon Crawl Stone Soup version 0.31-a0-750-gfe7b580527 (webtiles) character file.

Game seed: 2747824190684183687

9896 GloriousHammer the Grappler (level 11, -1/78 HPs)
             Began as an Octopode Shapeshifter on Sept 13, 2023.
             Was an Initiate of Gozag.
             Slain by a manticore (19 damage)
             ... on level 11 of the Dungeon on Sept 14, 2023.
             The game lasted 00:40:45 (14053 turns).

GloriousHammer the Grappler (OpSh)                 Turns: 14053, Time: 00:40:45

Health: -1/78      AC:  5    Str: 16    XL:     11   Next: 53%
Magic:  0/11       EV: 17    Int: 12    God:    Gozag
Gold:   803        SH:  0    Dex: 14    Spells: 10/10 levels left

rFire   + +          .
                       - Unarmed
rCold   x . .        (shield currently unavailable)
rNeg    . . .        (helmet restricted)
rPois   .            D - amulet of Suplam {Spirit *Corrode rF+ Will++}
rElec   .            T - +4 ring of protection
rCorr   .            F - ring of fire
SInv    .            W - ring of willpower
Will    +++..        (no ring)
Stlth   +            (no ring)
HPRegen 0.33/turn    (no ring)
MPRegen 0.12/turn    (no ring)
                     (no ring)

%: corrode self (3%), guardian spirit
@: flux-form, spiked, glowing
A: glow, contaminating, almost no armour, amphibious, 8 rings, camouflage 1,
gelatinous body 1, (nimble swimmer 1), tentacles
a: Begin Untransformation, Renounce Religion, Potion Petition, Call Merchant,
Bribe Branch


You were on level 11 of the Dungeon.
You worshipped Gozag.
Gozag was pleased with you.
You were something dangerously unstable.
You visited 2 branches of the dungeon, and saw 12 of its levels.

You collected 1760 gold pieces.
You spent 349 gold pieces at shops.
You paid 608 gold pieces to Gozag.

Inventory:

Hand Weapons
 b - the +2 orcbow of the Kissing Visionary {drain, Will- rCorr Int+4}
   (You bought it in a shop on level 7 of the Dungeon)

   Int+4:     It affects your intelligence (+4).
   Will-:     It decreases your willpower.
   rCorr:     It protects you from acid and corrosion.
 G - a +0 orcbow
Missiles
 g - 6 curare-tipped darts
 k - 52 poisoned darts (quivered)
 o - 6 boomerangs
 x - 3 atropa-tipped darts
Jewellery
 f - a ring of fire
 p - an amulet of magic regeneration
 r - an amulet of reflection
 D - the amulet of Suplam (around mantle) {Spirit *Corrode rF+ Will++}
   (You found it on level 6 of the Dungeon)

   [amulet of guardian spirit]

   Spirit:    It causes incoming damage to be divided between your reserves of
   health and magic.
   rF+:       It protects you from fire.
   Will++:    It greatly increases your willpower.
   *Corrode:  It may corrode you when you take damage.
 F - a ring of fire (right tentacle)
 T - a +4 ring of protection (left tentacle)
 W - a ring of willpower (on tentacle)
Talismans
 c - a flux talisman (active)
 y - a maw talisman
 z - a beast talisman
 H - a blade talisman
 M - a serpent talisman
Wands
 i - a wand of roots (4)
 t - a wand of flame (35)
 w - a wand of charming (9)
 A - a wand of polymorph (9)
Scrolls
 e - 5 scrolls of noise
 h - 2 scrolls of butterflies
 l - a scroll of revelation {unknown}
 n - a scroll of enchant armour {unknown}
 q - 5 scrolls of fear
 s - a scroll of acquirement {unknown}
 u - 3 scrolls of immolation
 E - 2 scrolls of amnesia
 K - a scroll of poison
 L - a scroll of blinking {unknown}
 O - 2 scrolls of vulnerability {unknown}
Potions
 a - 5 potions of lignification
 d - a potion of might {unknown}
 j - 4 potions of curing
 v - a potion of degeneration {unknown}
 B - 3 potions of enlightenment
 C - a potion of haste {unknown}
 N - a potion of magic {unknown}
 P - a potion of brilliance {unknown}


   Skills:
 + Level 8.6 Fighting
 + Level 8.8 Dodging
 + Level 10.4 Unarmed Combat
 + Level 1.8 Evocations
 * Level 8.4 Shapeshifting


You had 10 spell levels left.
You didn't know any spells.
Your spell library contained the following spells:

 Spells                   Type           Power      Damage    Failure   Level
 Freeze                   Ice            0%         1d3       32%         1
 Magic Dart               Conj           0%         1d3       32%         1
 Call Imp                 Summ           0%         N/A       45%         2
 Frozen Ramparts          Ice            0%         1d1       69%         3
 Hailstorm                Conj/Ice       0%         3d3       69%         3
 Mephitic Cloud           Conj/Pois/Air  0%         N/A       69%         3
 Tukima's Dance           Hex            0%         N/A       69%         3
 Dimensional Bullseye     Hex/Tloc       0%         N/A       97%         4
 Iskenderun's Mystic Bla  Conj/Tloc      0%         2d3       97%         4
 Summon Forest            Summ/Tloc      0%         N/A       100%        5
 Eringya's Noxious Bog    Tmut/Pois      0%         4d6       100%        6
 Summon Hydra             Summ           0%         N/A       100%        7


Dungeon Overview and Level Annotations

Branches:
Dungeon (11/15)            Temple (1/1) D:5            Lair (0/5) D:11
    Orc (0/2) D:11

Altars:
Ashenzari
Cheibriados
Dithmenos
Elyvilon
Fedhas
Gozag
Hepliaklqana
Kikubaaqudgha
Makhleb
Nemelex Xobeh
Okawaru
Qazlal
Ru
Sif Muna
Trog
Uskayaw
Vehumet
Wu Jian
Xom
Yredelemnul
Zin
The Shining One

Shops:
D:2 [   D:4 =   D:7 [((?   D:10 *

Portals:
Abyss: D:9

Annotations:
D:4 2 transporters
D:5 1 runed translucent door, Crazy Yiuf, Edmund
D:9 2 transporters, dxb338's ghost, novice FeSh


Innate Abilities, Weirdness & Mutations

You are something dangerously unstable.
You glow with magical radiation, making you easy to see and hit.
Foes you strike become dangerously contaminated with magical radiation.
You are incapable of wielding weapons or throwing items.
You cannot wear most types of armour.
You are amphibious.
You can wear up to eight rings at the same time.
Your skin changes colour to match your surroundings (Stealth+).
Your rubbery body absorbs attacks. (AC +1, EV +1)
((You are camouflaged when in or above water. (Stealth+)))
You have tentacles for arms and can constrict up to eight enemies at once.


Message History

You constrict Amaemon.
You feel sick.
Amaemon casts a spell.
The orange demon closely misses you.
You tentacle-slap Amaemon but do no damage.
Amaemon shudders as magic cascades through him!
You kill Amaemon!
The scorpion disappears in a puff of smoke!
You feel sick.
The centaur wields a +0 orcbow.
The centaur shoots an arrow.
The arrow completely misses you. The orange demon misses you.
Unknown command.
You feel sick.
The centaur shoots an arrow.
The arrow completely misses you.
You feel sick.
The orange demon attacks as it pursues you!
The orange demon stings you from afar!
You are more poisoned.
You have difficulty breathing.
You feel yourself slow down.
There is an open door here.
You feel very sick.
You close the door.
You feel very sick.
An orange demon opens the door.
The orange demon misses you.
Unknown command.
You feel sick.
The centaur shoots an arrow.
The arrow hits you! The orange demon stings you from afar!
You are more poisoned.
You have difficulty breathing.
You feel as though you will be slow longer.
Unknown command.
Okay, then.
As you read the scroll of teleportation, it crumbles to dust.
You feel strangely unstable.
You feel very sick.
The orange demon no longer looks unusually toxic.
The centaur unwields a +0 orcbow.
The centaur closely misses you. The centaur completely misses you.
The orange demon misses you.
The centaur misses you. x2; The orange demon completely misses you.
Okay, then.
As you read the scroll of fear, it crumbles to dust.
You assume a fearsome visage.
The orange demon looks frightened!
The centaur looks frightened!
You feel very sick.
Your surroundings suddenly seem different.
You feel very sick.
You feel sick.
You feel sick.
You feel sick.
You feel sick.
You are no longer poisoned.
There is a stone staircase leading up here.
You climb upwards.
There is a stone staircase leading down here.
You start resting.
You feel yourself speed up.
You start resting.
Magic restored.
You start resting.
HP restored.
Okay, then.
Okay, then.
It was a potion of curing.
You feel better.
It was a potion of enlightenment.
You feel very buoyant.
You fly up into the air.
You start waiting.
You are starting to lose your buoyancy.
You start waiting.
You float gracefully downwards.
You climb downwards.
There is a stone staircase leading up here.
Your enlightenment fades.
Found a stone staircase leading down.
There is an open door here.
You now have 803 gold pieces (gained 18).
There is a stone staircase leading down here.
You open the door.
A manticore comes into view.
The manticore flicks its tail.
The volley of spikes hits you!!
The barbed spikes become lodged in your body.
The barbed spikes dig painfully into your body as you move.
The manticore bites you! The manticore claws you. x2
There is an open door, spattered with blood here.
You barely miss the manticore. You squeeze the manticore.
The manticore is lightly wounded.
The manticore bites you! The manticore claws you!
* * * LOW HITPOINT WARNING * * *
The manticore barely misses you.
You tentacle-slap the manticore but do no damage.
The manticore begins to glow.
The manticore is lightly wounded.
The manticore barely misses you. The manticore claws you.
* * * LOW HITPOINT WARNING * * *
The manticore misses you.
You tentacle-slap the manticore.
The manticore glows dangerously bright.
You squeeze the manticore.
The manticore is moderately wounded.
The manticore bites you!!
You die...
Your body crumbles into a pile of gold.

#..............
#######..............
#....#.>.#####.......
##....#......#.......
#....#......#.......
#....#......'.......
#....#......#.......
#....#......#.......
###B######..#.......
......H....###..#.......
.#.........#....#.......
#.........#....#.......
#.........#....#.......
#.........#....# ....
#.........#....# ...
#.........###### ... ...


You could see a manticore (heavy contam).

Vanquished Creatures
  Amaemon (D:11)
  Lodul (D:10)
  Pikel (D:5)
  A cyclops (D:11)
  Maggie (D:6)
  A komodo dragon (D:11)
  Psyche (D:9)
  2 trolls
  2 hornets (D:9)
  3 wraiths
  5 yaks (D:9)
  A wyvern (D:8)
  5 shadows
  A steam dragon (D:8)
  Menkaure (D:6)
  A water moccasin (D:7)
  3 orc warriors
  4 ice beasts
  A black bear (D:7)
  4 centaurs
  9 ogres
  A lemure (D:5)
  4 kobold brigands
  2 phantoms
  2 bullfrogs
  2 scorpions (D:6)
  7 wights
  4 killer bees
  5 howler monkeys
  A jelly (D:5)
  4 orc priests
  3 hounds
  A gnoll bouda (D:5)
  2 sleepcaps
  Natasha (thrice) (D:3)
  4 iguanas
  6 orc wizards
  Robin (D:3)
  5 gnolls (D:6)
  7 adders
  A shadow imp (D:5)
  An ufetubus (D:5)
  A worm (D:5)
  2 dart slugs
  16 orcs
  8 ball pythons
  3 endoplasms
  4 giant cockroaches
  16 goblins
  12 hobgoblins
  2 quokkas
  3 bats
  A frilled lizard (D:2)
  18 kobolds
  3 rats
204 creatures vanquished.

Notes
Turn   | Place    | Note
-------+----------+-------------------------------------------
     0 | D:1      | GloriousHammer the Octopode Shapeshifter began the quest
                  | for the Orb.
     0 | D:1      | Reached XP level 1. HP: 13/13 MP: 1/1
     0 | D:1      | Upgraded the game from 0.31-a0-743-g45f7035092 to
                  | 0.31-a0-744-gbc345e7fcb
    90 | D:1      | Reached XP level 2. HP: 13/18 MP: 2/2
   819 | D:2      | You fall into a shaft and drop 2 floors!
   857 | D:4      | Reached XP level 3. HP: 23/23 MP: 3/3
   871 | D:4      | Reached skill level 4 in Unarmed Combat
   982 | D:3      | Reached XP level 4. HP: 28/28 MP: 4/4
  1555 | D:2      | Found Yteah's Armour Shop.
  1786 | D:3      | Noticed Robin
  1792 | D:3      | Killed Robin
  1873 | D:3      | Noticed Natasha
  1886 | D:3      | Killed Natasha
  1887 | D:3      | Reached XP level 5. HP: 12/33 MP: 5/5
  2139 | D:3      | Reached skill level 5 in Unarmed Combat
  2203 | D:3      | Found a faded altar of an unknown god.
  2538 | D:3      | Noticed Natasha
  2548 | D:3      | Killed Natasha
  2570 | D:3      | Found a hazy altar of Hepliaklqana.
  2675 | D:3      | Noticed Natasha
  2692 | D:3      | Killed Natasha
  3113 | D:3      | Found a faded altar of an unknown god.
  3397 | D:4      | Noticed an ogre
  3414 | D:4      | Killed an ogre
  3415 | D:4      | Reached XP level 6. HP: 13/38 MP: 6/6
  3832 | D:4      | Found a glowing golden altar of the Shining One.
  3840 | D:4      | Found Kyal's Jewellery Shoppe.
  3841 | D:4      | Found a transporter.
  3864 | D:4      | Found an ancient bone altar of Kikubaaqudgha.
  4129 | D:4      | Found a transporter.
  4503 | D:5      | Entered Level 5 of the Dungeon
  4674 | D:5      | Found a runed translucent door.
  4675 | D:5      | Noticed Crazy Yiuf
  4766 | D:5      | Reached skill level 6 in Unarmed Combat
  4796 | D:5      | Reached XP level 7. HP: 19/44 MP: 7/7
  4991 | D:5      | Found a staircase to the Ecumenical Temple.
  4997 | Temple   | Entered the Ecumenical Temple
  5011 | Temple   | Became a worshipper of Gozag Ym Sagoz the Greedy
  5277 | D:5      | Noticed Edmund
  5385 | D:5      | Noticed Pikel
  5398 | D:5      | Killed Pikel
  5399 | D:5      | Reached skill level 5 in Shapeshifting
  5399 | D:5      | Reached XP level 8. HP: 52/52 MP: 8/8
  5778 | D:6      | Noticed Menkaure
  5785 | D:6      | Killed Menkaure
  5786 | D:6      | Reached skill level 7 in Unarmed Combat
  6254 | D:6      | Noticed Maggie
  6285 | D:6      | Reached skill level 5 in Dodging
  6285 | D:6      | Reached XP level 9. HP: 58/59 MP: 9/9
  6439 | D:6      | Identified the amulet of Suplam {Spirit *Corrode rF+
                  | Will++}
  6812 | D:7      | Found Qejyng Cajuj's Antique Armour Shoppe.
  6873 | D:7      | Reached skill level 5 in Fighting
  7043 | D:6      | Killed Maggie
  7044 | D:6      | Reached skill level 8 in Unarmed Combat
  7337 | D:7      | Found Ojiyxext's Antique Weapon Shop.
  7344 | D:7      | Bought a brightly glowing orcbow for 221 gold pieces
  7344 | D:7      | Identified the +2 orcbow of the Kissing Visionary {drain,
                  | Will- rCorr Int+4} (You bought it in a shop on level 7 of
                  | the Dungeon)
  7350 | D:7      | Found Ytuathumia's Antique Weapon Emporium.
  7356 | D:7      | Upgraded the game from 0.31-a0-744-gbc345e7fcb to
                  | 0.31-a0-750-gfe7b580527
  7379 | D:7      | Found Nuwn's Magic Scroll Boutique.
  7383 | D:7      | Bought a scroll of teleportation for 30 gold pieces
  7383 | D:7      | Bought a scroll of poison for 40 gold pieces
  7829 | D:7      | Bought a scroll of teleportation for 30 gold pieces
  8120 | D:8      | Found a stormy altar of Qazlal.
  8451 | D:8      | Found a glowing silver altar of Zin.
  8736 | D:8      | Noticed a two-headed ogre
  9017 | D:8      | Reached XP level 10. HP: 49/68 MP: 8/10
  9767 | D:9      | Reached skill level 9 in Unarmed Combat
  9824 | D:9      | Found a shadowy altar of Dithmenos.
  9862 | D:9      | Found a transporter.
  9862 | D:9      | Noticed a toenail golem
  9868 | D:9      | Noticed a thrashing horror
  9875 | D:9      | Noticed a sun demon
  9881 | D:9      | Noticed dxb338's ghost (novice FeSh)
  9885 | D:9      | Found a transporter.
 10011 | D:9      | Noticed a toenail golem
 10132 | D:9      | Found a one-way gate to the infinite horrors of the Abyss.
 10184 | D:9      | HP: 2/71 [wight/+3 great sword (11)]
 10897 | D:9      | Noticed Psyche
 10945 | D:9      | Killed Psyche
 11463 | D:10     | Entered Level 10 of the Dungeon
 11707 | D:10     | Bought a scroll of identify for 28 gold pieces
 11741 | D:10     | Reached XP level 11. HP: 66/77 MP: 8/11
 11848 | D:10     | Reached skill level 10 in Unarmed Combat
 12621 | D:10     | Noticed Lodul
 13121 | D:10     | Killed Lodul
 13288 | D:11     | Found a staircase to the Lair.
 13311 | D:11     | Noticed a cyclops
 13449 | D:11     | Killed a cyclops
 13450 | D:11     | Reached skill level 1 in Evocations
 13703 | D:11     | Found a staircase to the Orcish Mines.
 13729 | D:11     | Noticed Amaemon
 13739 | D:11     | Killed Amaemon
 14049 | D:11     | Noticed a manticore
 14053 | D:11     | Slain by a manticore

Illustrated notes

Levels and vault maps discovered:
D:1:      denvon_arrival_planthouse, layout_rooms, st_stairs_5
D:2:      layout_loops_cross, serial_shops,
          nicolae_shop_temple_entry_statues_fountains,
          wander_ebering_terrifying_dragon_lair
D:3:      layout_loops_ring, nzn_hepliaklqana_mist_gate,
          nicolae_ecumenical_snake_handling, uniq_robin, uniq_natasha
D:4:      gammafunk_cloud_chamber, layout_basic, lemuel_doored_altar,
          kiku_gazebo_garden_becter, serial_shops, shop
D:5:      layout_loops_ring, minmay_temple_entry_hall, minmay_fractal_squares_5,
          uniq_pikel, uniq_edmund, uniq_crazy_yiuf_cottage
D:6:      layout_rooms, hangedman_decor_slide_cut, uniq_maggie, uniq_menkaure
D:7:      layout_basic, serial_shops, kennysheep_little_box, shop, shop,
          nicolae_shop_trees
D:8:      minmay_clustersquares, layout_basic, lemuel_tele_altar,
          grunt_qazlal_sundering
D:9:      layout_stronghold, mainiacjoe_overflow_24_doors,
          gammafunk_ghost_abyssal_escape, wad_rectangle_vault, uniq_psyche
D:10:     layout_cave_pods, nicolae_benzene_ring, uniq_lodul
D:11:     layout_gridville, lair_entry_dummy, orc_0_dummy, uniq_amaemon
Temple:   lightli_temple_of_artemis

Skill      XL: |  1  2  3  4  5  6  7  8  9 10 11 |
---------------+----------------------------------+-----
Unarmed Combat | 4 5 6 7 8 9 10 | 10.4
Shapeshifting  | 4 5 6 7 8 |  8.4
Fighting       | 3 4 6 7 8 |  8.6
Dodging        | 3 5 6 8 |  8.8
Evocations     | 1 |  1.8

Action                     |  1- 3 |  4- 6 |  7- 9 | 10-12 || total
---------------------------+-------+-------+-------+-------++-------
  Melee: Unarmed           |    49 |   101 |   155 |   292 ||   597
         Constrict         |    15 |    24 |    36 |    38 ||   113
         Punch             |     1 |     3 |     8 |       ||    12
         Tentacles         |     5 |    22 |    35 |    99 ||   161
   Fire: Orcbow            |       |       |    28 |       ||    28
  Throw: Dart              |       |     2 |     6 |       ||     8
 Invoke: Call Merchant     |       |       |       |     1 ||     1
  Evoke: Wand              |       |       |     2 |    10 ||    12
    Use: Scroll            |       |     4 |     2 |     5 ||    11
         Potion            |       |       |       |     4 ||     4
   Stab: Sleeping          |     1 |     3 |     1 |       ||     5
         Distracted        |       |     1 |       |     1 ||     2
 Armour: Skin              |    16 |    36 |    72 |   130 ||   254
  Dodge: Dodged            |    31 |    41 |    71 |   201 ||   344
  Block: Other             |       |     6 |    12 |       ||    18
         Reflection        |       |     2 |     2 |       ||     4
   Form: Flux              |       |       |     1 |       ||     1

Table legend: (Time is in decaauts)
 A = Elapsed time spent in this place.
 B = Non-inter-level travel time spent in this place.
 C = Inter-level travel time spent in this place.
 D = Time resting spent in this place.
 E = Time spent auto-exploring this place.
 F = Levels seen in this place.
 G = Mean time per level.
                   A        B        C        D        E       F      G
               +--------+--------+--------+--------+--------+-----+--------+
         Total |  14007 |  13543 |    464 |   4086 |   6825 |  12 | 1167.2 |
       Dungeon |  13978 |  13528 |    450 |   4086 |   6825 |  11 | 1270.7 |
        Temple |     28 |     14 |     14 |      0 |      0 |   1 |   28.0 |
               +--------+--------+--------+--------+--------+-----+--------+

Top non-repeatable levels by time:
    D:10: 1975 daAuts
     D:9: 1932 daAuts
     D:3: 1802 daAuts
     D:8: 1724 daAuts
     D:5: 1550 daAuts
     D:4: 1283 daAuts
     D:7: 976 daAuts
     D:6: 917 daAuts
     D:1: 747 daAuts
     D:2: 658 daAuts
    D:11: 410 daAuts
  Temple: 28 daAuts
